 Dungeon Crawl Stone Soup version 0.29.1-1-gd02db6906a (webtiles) character file.

Game seed: 9397258998957749935

2200 DemonSlayer the Firebug (level 9, -9/59 HPs)
             Began as a Demonspawn Fire Elementalist on Oct 18, 2022.
             Mangled by a two-headed ogre
             ... wielding a +0 giant spiked club
              (12 damage)
             ... on level 7 of the Dungeon.
             The game lasted 00:18:45 (8727 turns).

DemonSlayer the Firebug (DsFE)                      Turns: 8727, Time: 00:18:45

Health: -9/59      AC: 17    Str:  8    XL:     9   Next: 12%
Magic:  4/18       EV: 12    Int: 21    God:
Gold:   359        SH:  0    Dex: 14    Spells: 3/20 levels left

rFire   . . .      SeeInvis .   c - +2 dagger (protect)
rCold   . . .      Faith    .   (no shield)
rNeg    . . .      Spirit   .   a - +0 robe
rPois   .          Reflect  .   (helmet restricted)
rElec   .          Harm     .   (no cloak)
rCorr   .          Rampage  .   i - +1 pair of gloves
Will    .....      Rage     3%  (no boots)
Stlth   +++.......              (no amulet)
HPRegen 0.19/turn               h - +4 ring of protection
MPRegen 0.32/turn               (no ring)

@: sanguine armoured
A: hooves 2, magic regeneration, sanguine armour 2, demonic magic 1, antennae 1,
berserk 1
a: no special abilities


You were on level 7 of the Dungeon.
You visited 1 branch of the dungeon, and saw 7 of its levels.

You collected 395 gold pieces.
You spent 36 gold pieces at shops.

Inventory:

Hand Weapons
 c - a +2 dagger of protection (weapon)
Missiles
 y - 4 silver boomerangs
Armour
 a - a +0 robe (worn)
 i - a +1 pair of gloves (worn)
 z - a +2 chain mail of poison resistance
Jewellery
 h - a +4 ring of protection (left hand)
Wands
 g - a wand of roots (12)
 m - a wand of flame (16)
 u - a wand of light (9)
Scrolls
 b - 3 scrolls of teleportation
 e - 2 scrolls of blinking
 j - a scroll of amnesia {unknown}
 l - a scroll of vulnerability
 v - 2 scrolls of enchant armour
Potions
 d - 2 potions of invisibility {unknown}
 f - a potion of flight {unknown}
 k - 3 potions of curing
 n - a potion of ambrosia
 o - a potion of brilliance {unknown}
 q - a potion of magic
 r - a potion of lignification {unknown}
 s - 2 potions of mutation
 t - a potion of degeneration {unknown}
 w - a potion of berserk rage {unknown}


   Skills:
 + Level 1.0 Fighting
 + Level 2.0 Short Blades
 + Level 2.4 Dodging
 + Level 6.0 Stealth
 + Level 6.2 Spellcasting
 + Level 3.3 Conjurations
 + Level 6.9 Fire Magic


You had 3 spell levels left.
You knew the following spells:

 Your Spells              Type           Power      Damage    Failure   Level
a - Foxfire               Conj/Fire      100%       2x1d9     1%          1
b - Scorch                Fire           70%        2d8       1%          2
c - Conjure Flame         Conj/Fire      28%        6-21      3%          3
d - Flame Wave            Conj/Fire      28%        2d9       12%         4
e - Ignite Poison         Fire/Tmut/Pois 16%        N/A       11%         3
f - Sticky Flame          Conj/Fire      28%        2d5       12%         4

Your spell library contained the following spells:

 Spells                   Type           Power      Damage    Failure   Level
 Inner Flame              Hex/Fire       21%        N/A       7%          3
 Apportation              Tloc           12%        N/A       10%         1
 Necrotise                Necr           24%        1d5       10%         1
 Summon Small Mammal      Summ           24%        N/A       10%         1


Dungeon Overview and Level Annotations

Branches:
Dungeon (7/15)             Temple (0/1) D:7

Altars:
Dithmenos
Makhleb

Shops:
D:1 *   D:5 *


Innate Abilities, Weirdness & Mutations

You have hoof-like feet.
You regenerate magic rapidly.
When seriously injured, your blood forms thick armour. (AC +9)
Spells you cast may paralyse adjacent enemies.
You have a pair of small antennae on your head.
You sometimes lose your temper in combat.


Message History

Malevolent energies surge around you.
The two-headed ogre barely misses you. x2
Flames lash the black bear.
The black bear is moderately wounded.
The black bear's fire resistance burns away.
Malevolent energies surge around you. The two-headed ogre misses you.
The two-headed ogre hits you with a +0 dire flail!
Flames lash the black bear.
The black bear is burned terribly!
The black bear is almost dead.
Malevolent energies surge around you.
The black bear suddenly stops moving!
Flames lash the black bear.
The black bear is burned terribly!
You kill the black bear!
Malevolent energies surge around you. The two-headed ogre barely misses you.
The two-headed ogre hits you with a +0 dire flail.
Your Fighting skill increases to level 1!
Your Short Blades skill increases to level 2!
Your Stealth skill increases to level 6!
Flames lash the two-headed ogre.
The two-headed ogre is burned terribly!
The two-headed ogre is severely wounded.
Malevolent energies surge around you.
The two-headed ogre hits you with a +0 giant spiked club!!
Your blood congeals into armour.
The two-headed ogre barely misses you.
You are too injured to fight recklessly!
You feel much better.
Flames lash the two-headed ogre.
The two-headed ogre is burned terribly!
The two-headed ogre is almost dead.
Malevolent energies surge around you.
The two-headed ogre hits you with a +0 giant spiked club!!
* * * LOW HITPOINT WARNING * * *
The two-headed ogre hits you with a +0 dire flail!
* * * LOW HITPOINT WARNING * * *
You feel much better.
The two-headed ogre hits you with a +0 giant spiked club!
* * * LOW HITPOINT WARNING * * *
The two-headed ogre misses you.
You feel much better.
The two-headed ogre attacks as you move away!
The two-headed ogre hits you with a +0 giant spiked club!!
* * * LOW HITPOINT WARNING * * *
The two-headed ogre hits you with a +0 dire flail!
You die...

### ###### #########
..###....# #.....[.##
..+......#######.........
..##.....##.....@........
<..#..........###O†......
...#...>......# +........
[####.........# #........
)........#...## ......###
.....................<#
....###...............#
........#...........###
......###............


You could see a two-headed ogre (combustible).

Vanquished Creatures
  Grinder (D:4)
  A steam dragon (D:6)
  Edmund (D:4)
  2 water moccasins
  2 black bears
  2 ice beasts
  An orc warrior (D:6)
  An ogre (D:5)
  A centaur (D:5)
  3 phantoms
  A crimson imp (D:4)
  A bullfrog zombie (D:4)
  An orc priest (D:6)
  2 hounds (D:6)
  Jessica (D:2)
  2 iguanas
  A scorpion zombie (D:4)
  7 orc wizards (D:6)
  A hound skeleton (D:4)
  A howler monkey zombie (D:4)
  4 gnolls (D:3)
  6 adders
  An adder skeleton (D:4)
  5 adder zombies (D:4)
  A worm (D:4)
  4 dart slugs
  10 orcs
  11 ball pythons
  7 bats
  2 giant cockroaches
  7 goblins
  6 hobgoblins
  7 jackals
  2 quokkas (D:2)
  3 frilled lizards (D:1)
  A goblin zombie (D:4)
  4 hobgoblin zombies (D:4)
  8 kobolds
  A kobold skeleton (D:4)
  2 orc zombies (D:4)
  4 rats
129 creatures vanquished.

Vanquished Creatures (collateral kills)
  5 foxfires
5 creatures vanquished.

Vanquished Creatures (others)
  292 foxfires
  6 withered plants (D:4)
298 creatures vanquished.

Grand Total: 432 creatures vanquished

Notes
Turn   | Place    | Note
-------+----------+-------------------------------------------
     0 | D:1      | DemonSlayer the Demonspawn Fire Elementalist began the
                  | quest for the Orb.
     0 | D:1      | Reached XP level 1. HP: 13/13 MP: 3/3
   185 | D:1      | Gained mutation: You have large cloven feet. [demonic
                  | ancestry]
   185 | D:1      | Reached XP level 2. HP: 19/19 MP: 0/5
   597 | D:1      | Found Vuunodya's General Store.
   605 | D:1      | Bought a potion of curing for 36 gold pieces
  1285 | D:1      | Learned a level 2 spell: Scorch
  1715 | D:2      | Reached XP level 3. HP: 23/24 MP: 1/6
  2125 | D:2      | Found a faded altar of an unknown god.
  2384 | D:2      | Noticed Jessica
  2398 | D:2      | Killed Jessica
  2399 | D:2      | Gained mutation: Spells you cast may paralyse adjacent
                  | enemies. [demonic ancestry]
  2399 | D:2      | Reached XP level 4. HP: 20/30 MP: 6/8
  2685 | D:2      | Learned a level 3 spell: Conjure Flame
  3016 | D:3      | Reached XP level 5. HP: 35/35 MP: 6/9
  3988 | D:3      | Learned a level 4 spell: Flame Wave
  4098 | D:4      | Found a shadowy altar of Dithmenos.
  4289 | D:4      | Noticed Edmund
  4296 | D:4      | Noticed a black bear
  4300 | D:4      | Killed Edmund
  4301 | D:4      | Gained mutation: You have hoof-like feet. [demonic
                  | ancestry]
  4301 | D:4      | Reached XP level 6. HP: 27/41 MP: 1/11
  4477 | D:4      | Reached skill level 1 in Short Blades
  4911 | D:4      | Gained mutation: When seriously injured, your blood forms
                  | armour. (AC +9) [demonic ancestry]
  4911 | D:4      | Reached XP level 7. HP: 44/47 MP: 7/13
  5332 | D:4      | Noticed Grinder
  5333 | D:4      | Paralysed by Grinder for 3 turns
  5351 | D:4      | Killed Grinder
  5352 | D:4      | Reached skill level 5 in Fire Magic
  5918 | D:4      | Learned a level 3 spell: Ignite Poison
  6191 | D:4      | You fall into a shaft and drop 2 floors!
  6459 | D:6      | Noticed a steam dragon
  6462 | D:6      | Found a burning altar of Makhleb.
  6466 | D:6      | Killed a steam dragon
  6467 | D:6      | Reached skill level 5 in Spellcasting
  6467 | D:6      | Gained mutation: You regenerate magic rapidly. [demonic
                  | ancestry]
  6467 | D:6      | Reached XP level 8. HP: 44/53 MP: 10/15
  6708 | D:6      | Reached skill level 5 in Stealth
  6811 | D:6      | Gained mutation: You sometimes lose your temper in combat.
                  | [potion of mutation]
  6811 | D:6      | Gained mutation: You have a pair of small antennae on your
                  | head. [potion of mutation]
  6869 | D:5      | Entered Level 5 of the Dungeon
  7816 | D:5      | Found Tooru's General Store.
  8418 | D:6      | Gained mutation: When seriously injured, your blood forms
                  | thick armour. (AC +9) [demonic ancestry]
  8418 | D:6      | Reached XP level 9. HP: 50/58 MP: 12/18
  8626 | D:6      | Learned a level 4 spell: Sticky Flame
  8686 | D:7      | Found a staircase to the Ecumenical Temple.
  8712 | D:7      | Noticed a two-headed ogre
  8721 | D:7      | Reached skill level 1 in Fighting
  8723 | D:7      | HP: 1/59 [two-headed ogre/+0 giant spiked club (8)]
  8727 | D:7      | Mangled by a two-headed ogre

Illustrated notes

Levels and vault maps discovered:
D:1:      sevenhm_arrival_forest_fort_large_4, layout_basic, serial_shops, shop,
          serial_bayou_lake_a
D:2:      layout_basic, ebering_ecumenical_altar_sacrificial, uniq_jessica
D:3:      layout_basic, minivault_4
D:4:      layout_basic, nicolae_tso_besieged_by_evil,
          grunt_dithmenos_smoke_and_mirrors, serial_undead, serial_undead_e,
          serial_undead_b, serial_undead_e, serial_undead_c, serial_undead_d,
          serial_undead_c, serial_undead_d, uniq_edmund, uniq_grinder
D:5:      layout_loops_ring, serial_shops, shop
D:6:      layout_basic, makhleb_heckhound_becter
D:7:      minmay_the_grid_plus_closed [minmay_the_grid_expand,
          minmay_the_grid_broken_lines, minmay_the_grid_large_cup,
          minmay_the_grid_zigzag_pyramid, minmay_the_grid_prize_trominoes],
          layout_basic, chequers_temple_overflow_minitemple, zin_purify,
          serial_shops, kennysheep_mini, small_statue_intersection,
          minmay_misc_feat_room, kennysheep_minor_cross, uniq_maggie

Skill      XL: |  1  2  3  4  5  6  7  8  9 |
---------------+----------------------------+-----
Stealth        | 2 3 4 5 6 |  6.0
Fire Magic     | 3 4 5 6 |  6.9
Conjurations   | 2 3 |  3.3
Spellcasting   | 3 4 5 6 |  6.2
Short Blades   | 1 2 |  2.0
Dodging        | 2 |  2.4
Fighting       | 1 |  1.0

Action                   |  1- 3 |  4- 6 |  7- 9 || total
-------------------------+-------+-------+-------++-------
Melee: Dagger            |    16 |    27 |    43 ||    86
       Kick              |       |     5 |     7 ||    12
 Cast: Foxfire           |    91 |    44 |    27 ||   162
       Scorch            |       |    23 |    60 ||    83
       Conjure Flame     |       |       |     3 ||     3
  Use: Potion            |     3 |     3 |     6 ||    12
       Scroll            |       |     8 |     4 ||    12
 Stab: Sleeping          |     5 |     4 |     7 ||    16
       Paralysed         |       |    15 |    25 ||    40
Armor: Robe              |     6 |    21 |    27 ||    54
Dodge: Dodged            |    18 |    42 |    40 ||   100
